 Dungeon Crawl Stone Soup version 0.29.1-1-gd02db6906a (webtiles) character file.

Game seed: 3343677312837121551

1145 Earthwalker the Chopper (level 8, 0/105 HPs)
             Began as a Hill Orc Fighter on Oct 10, 2022.
             Succumbed to an orc wizard's poison
             ... on level 7 of the Dungeon.
             The game lasted 00:10:29 (3977 turns).

Earthwalker the Chopper (Hill Orc Fighter)          Turns: 3977, Time: 00:10:30

Health: 0/105      AC: 10    Str: 21    XL:     8   Next: 37%
Magic:  10/10      EV: 10    Int:  8    God:
Gold:   158        SH:  4    Dex: 10    Spells: 7/7 levels left

rFire   . . .      SeeInvis .   a - +0 war axe
rCold   . . .      Faith    .   c - +0 buckler
rNeg    . . .      Spirit   .   b - +0 scale mail
rPois   .          Reflect  .   k - +0 helmet
rElec   .          Harm     .   e - +1 cloak
rCorr   .          Rampage  .   (no gloves)
Will    .....                   (no boots)
Stlth   ..........              (no amulet)
HPRegen 0.27/turn               (no ring)
MPRegen 0.12/turn               (no ring)

@: berserking (expiring), lethally poisoned (0 -> -5), very quick
A: no striking features
a: no special abilities


You were on level 7 of the Dungeon.
You visited 2 branches of the dungeon, and saw 8 of its levels.
You also visited: Sewer.

You collected 158 gold pieces.

Inventory:

Hand Weapons
 a - a +0 war axe (weapon)
Armour
 b - a +0 scale mail (worn)
 c - a +0 buckler (worn)
 e - a +1 cloak (worn)
 k - a +0 helmet (worn)
Jewellery
 w - a ring of willpower
Wands
 v - a wand of quicksilver (9)
Scrolls
 f - 5 scrolls of teleportation {unknown}
 g - 5 scrolls of identify {unknown}
 j - a scroll of brand weapon {unknown}
 m - 2 scrolls of enchant weapon {unknown}
 o - a scroll of immolation {unknown}
 p - 2 scrolls of fear {unknown}
 r - 2 scrolls of poison {unknown}
 s - a scroll of vulnerability {unknown}
 x - a scroll of magic mapping {unknown}
Potions
 d - 2 potions of might
 h - a potion of berserk rage
 i - 2 potions of flight {unknown}
 l - a potion of cancellation {unknown}
 n - 2 potions of curing {unknown}
 q - 2 potions of degeneration {unknown}
 t - a potion of heal wounds {unknown}
 u - 2 potions of brilliance {unknown}
 z - 2 potions of haste {unknown}


   Skills:
 * Level 5.6 Fighting
 * Level 7.9 Axes
 * Level 2.5 Throwing
 * Level 5.2 Armour
 * Level 1.7 Dodging
 + Level 0.2 Stealth
 * Level 4.2 Shields
 * Level 2.9 Invocations
 * Level 1.8 Evocations


You had 7 spell levels left.
You didn't know any spells.
Your spell library contained the following spells:

 Spells                   Type           Power      Damage    Failure   Level
 Ignite Poison            Fire/Tmut/Pois 0%         N/A       99%         3
 Mephitic Cloud           Conj/Pois/Air  0%         N/A       99%         3
 Olgreb's Toxic Radiance  Pois           0%         N/A       100%        4
 Freezing Cloud           Conj/Ice/Air   0%         6-21      100%        5
 Ozocubu's Refrigeration  Ice            0%         4d7       100%        7
 Ignition                 Fire           0%         3d3       100%        8


Dungeon Overview and Level Annotations

Branches:
Dungeon (7/15)             Temple (1/1) D:4           Sewer (visited)

Altars:
Ashenzari
Cheibriados
Dithmenos
Fedhas
Gozag
Kikubaaqudgha
Makhleb
Nemelex Xobeh
Sif Muna
Trog
Vehumet
Wu Jian
Zin
The Shining One

Shops:
D:5 [


Message History

An orc comes into view. It is wielding a +0 club.
An orc wizard comes into view. It is wielding a +2 dagger of venom.
An orc comes into view. It is wielding a +0 short sword.
You slash the orc!
You kill the orc!
The orc wizard hits you with a +2 dagger of venom.
* * * LOW HITPOINT WARNING * * *
You are poisoned.
You climb downwards.
You feel very sick.
There is a stone staircase leading up here.
You hit the orc wizard.
The orc wizard is moderately wounded.
You feel sick.
The orc wizard hits you but does no damage.
You are lethally poisoned!
You closely miss the orc wizard.
The orc wizard is moderately wounded.
* * * LOW HITPOINT WARNING * * *
You feel very sick.
The orc wizard hits you with a +2 dagger of venom.
* * * LOW HITPOINT WARNING * * *
You slash the orc wizard!
You kill the orc wizard!
* * * LOW HITPOINT WARNING * * *
You feel very sick.
Okay, then.
Okay, then.
It was a potion of berserk rage.
A red film seems to cover your vision as you go berserk!
You feel yourself moving faster!
You feel mighty!
* * * LOW HITPOINT WARNING * * *
You feel very sick.
Unknown command.
You are too berserk!
Unknown command.
You feel a strong urge to attack something.
* * * LOW HITPOINT WARNING * * *
You feel sick.
You die...

#......$....
#...$......
#.........
#........
#....?..
###......#
.......)†#
#....@.#
##.#...#
#.#... ..
#?..# ..#
#...# #.#
##.# .. ..$
... ..


There were no monsters in sight!

Vanquished Creatures
  A water moccasin (D:7)
  A black bear (D:6)
  An ogre (D:6)
  A scorpion (D:4)
  A howler monkey (D:5)
  4 hounds (D:5)
  A jelly (D:5)
  2 orc priests (D:5)
  A gnoll bouda (D:5)
  5 iguanas
  4 orc wizards
  8 gnolls
  6 adders
  5 river rats (Sewer)
  A white imp (D:6)
  3 ufetubi
  3 dart slugs
  18 orcs
  8 ball pythons
  4 bats (D:1)
  2 endoplasms
  5 giant cockroaches
  2 goblins (D:4)
  2 hobgoblins
  3 jackals (D:1)
  2 quokkas
  6 frilled lizards
  2 kobolds (D:3)
  10 rats
112 creatures vanquished.

Vanquished Creatures (others)
  An orc wizard (D:4)
1 creature vanquished.

Grand Total: 113 creatures vanquished

Notes
Turn   | Place    | Note
-------+----------+-------------------------------------------
     0 | D:1      | Earthwalker the Hill Orc Fighter began the quest for the
                  | Orb.
     0 | D:1      | Reached XP level 1. HP: 19/19 MP: 1/1
   154 | D:1      | Reached XP level 2. HP: 27/27 MP: 2/2
   357 | D:1      | Reached skill level 3 in Axes
   759 | D:3      | Reached XP level 3. HP: 33/33 MP: 3/3
   811 | D:4      | Reached skill level 4 in Axes
   811 | D:4      | Reached XP level 4. HP: 16/40 MP: 4/4
  1133 | D:4      | Found a staircase to the Ecumenical Temple.
  1143 | D:4      | Noticed a scorpion
  1153 | D:4      | Reached XP level 5. HP: 36/47 MP: 5/5
  1244 | Temple   | Entered the Ecumenical Temple
  1463 | D:4      | Reached skill level 5 in Axes
  1899 | D:4      | Reached XP level 6. HP: 19/55 MP: 6/6
  2167 | D:5      | Entered Level 5 of the Dungeon
  2244 | D:5      | Reached skill level 6 in Axes
  2278 | D:5      | Found a glowing drain.
  2283 | D:5      | Reached skill level 1 in Throwing
  2290 | Sewer    | Entered a sewer
  2801 | D:5      | Reached XP level 7. HP: 46/60 MP: 7/7
  2887 | D:5      | Reached skill level 1 in Invocations
  2925 | D:5      | Reached skill level 5 in Fighting
  2940 | D:5      | Reached skill level 1 in Dodging
  3142 | D:5      | Found a burning altar of Makhleb.
  3237 | D:5      | Found Pilahad's Armour Shoppe.
  3293 | D:5      | Reached skill level 1 in Evocations
  3571 | D:5      | Reached skill level 7 in Axes
  3914 | D:6      | Reached skill level 5 in Armour
  3914 | D:6      | Reached XP level 8. HP: 67/69 MP: 9/9
  3974 | D:7      | HP: 3/70 [poisoned by an orc wizard]
  3976 | D:7      | HP: 1/105 [poisoned by an orc wizard]
  3977 | D:7      | Succumbed to an orc wizard's poison

Illustrated notes

Levels and vault maps discovered:
D:1:      doesnt_arrival_eight_statues, layout_basic, minmay_quantized
D:2:      layout_loops_cross, basic_altar, hellmonk_ecumenical_altar_crossroads,
          serial_shops, nicolae_diamond_shop
D:3:      layout_basic, dk_noncrumbling_4
D:4:      layout_loops_ring, minmay_temple_entry_purple_smoke
D:5:      minmay_spotlight, layout_rooms, mainiacjoe_overflow_boulevard,
          serial_shops, nicolae_shop_window_shopping, portal_sewer_entry_b
D:6:      layout_basic, kennysheep_ying_yang
D:7:      layout_rooms, marbit_many_paths, serial_shops, shop,
          minmay_shop_mayhem
Temple:   hellmonk_temple_forest_ring

Skill      XL: |  1  2  3  4  5  6  7 |
---------------+----------------------+-----
Axes           | 3 4 5 6 7 |  7.9
Fighting       | 4 5 |  5.6
Armour         | 4 5 |  5.2
Throwing       | 1 2 |  2.5
Invocations    | 2 |  2.9
Shields        | 4 |  4.2
Dodging        | 1 |  1.7
Evocations     | 1 |  1.8
Stealth        | |  0.2

Action                   |  1- 3 |  4- 6 |  7- 9 || total
-------------------------+-------+-------+-------++-------
Melee: War axe           |    76 |   206 |   115 ||   397
  Use: Potion            |       |       |     1 ||     1
Armor: Scale mail        |    44 |    84 |    59 ||   187
Dodge: Dodged            |    35 |    99 |    53 ||   187
Block: Buckler           |    16 |    47 |    23 ||    86
